 Seeded DCSS version 0.30-a0-859-gf88a04b62d (webtiles) character file.

Game seed: 18242870539230726858 (custom seed)

3153 bmack86 the Cleaver (level 9, -1/82 HPs)
             Began as a Minotaur Fighter on Mar 6, 2023.
             Was a Priest of Okawaru.
             Slain by an orc warlord
             ... wielding a +7 battleaxe
              (28 damage)
             ... in a bailey.
             The game lasted 00:16:32 (6097 turns).

bmack86 the Cleaver (Minotaur Fighter)              Turns: 6097, Time: 00:16:32

Health: -1/82      AC: 19    Str: 26    XL:     9   Next: 62%
Magic:  19/20      EV: 10    Int:  5    God:    Okawaru [***...]
Gold:   380        SH:  6    Dex:  9    Spells: 8/8 levels left

rFire   + . .      SeeInvis .    a - +0 war axe
rCold   x . .      Faith    .    c - +0 buckler
rNeg    + + .      Spirit   .    C - +1 chain mail {Will+}
rPois   +          Reflect  .    (helmet restricted)
rElec   .          Rampage  .    E - +1 cloak
rCorr   .                        (no gloves)
Will    ++...                    j - +2 pair of boots {Fly} Stlth
                                 q - amulet of regeneration
HPRegen 1.13/turn                k - ring of poison resistance
MPRegen 0.17/turn                F - ring "Joudihad" {rF+ rC- rN++ Will+ MP+9}

@: mighty, heroic, flying, hasted, studying Fighting, very quick
A: horns 2, retaliatory headbutt
a: Renounce Religion, Heroism


You were in a bailey.
You worshipped Okawaru.
Okawaru was most pleased with you.
You visited 2 branches of the dungeon, and saw 8 of its levels.
You also visited: Bailey.

You collected 554 gold pieces.
You spent 174 gold pieces at shops.

Inventory:

Hand Weapons
 a - a +0 war axe (weapon)
Missiles
 x - 20 boomerangs (quivered)
Armour
 c - a +0 buckler (worn)
 j - a +2 pair of boots of flying (worn)
 s - a +0 plate armour
 C - a +1 chain mail of willpower (worn)
 E - a +1 cloak (worn)
Jewellery
 k - a ring of poison resistance (left hand)
 q - an amulet of regeneration (around neck)
 y - a ring of flight
 F - the ring "Joudihad" (right hand) {rF+ rC- rN++ Will+ MP+9}
   (You acquired it on level 7 of the Dungeon)

   [ring of magical power]

   rF:        It protects you from fire.
   rC:        It makes you vulnerable to cold.
   rN:        It greatly protects you from negative energy.
   MP:        It affects your magic capacity (+9).
   Will:      It increases your willpower.
Scrolls
 b - 2 scrolls of poison {unknown}
 f - a scroll of fear {unknown}
 h - 3 scrolls of vulnerability {unknown}
 i - 3 scrolls of identify
 l - 3 scrolls of enchant weapon
 o - 4 scrolls of teleportation {unknown}
 r - a scroll of torment {unknown}
 t - 2 scrolls of blinking {unknown}
 v - 2 scrolls of immolation {unknown}
 w - a scroll of fog {unknown}
 A - 2 scrolls of noise {unknown}
 D - a scroll of enchant armour {unknown}
 H - a scroll of butterflies {unknown}
Potions
 e - 2 potions of attraction
 g - 3 potions of mutation
 m - a potion of degeneration {unknown}
 n - a potion of invisibility
 u - a potion of magic
 z - 3 potions of curing
 B - 2 potions of lignification
 G - 2 potions of heal wounds


   Skills:
 + Level 8.4(13.4) Fighting
 * Level 9.5(14.5) Axes
 + Level 4.2(9.2) Throwing
 + Level 7.3(12.3) Armour
 + Level 7.4(12.4) Shields
 + Level 4.0 Invocations


You had 8 spell levels left.
You didn't know any spells.
Your spell library contained the following spells:

 Spells                   Type           Power      Damage    Failure   Level
 Kiss of Death            Conj/Necr      0%         2d5       95%         1
 Magic Dart               Conj           0%         1d3       95%         1
 Lesser Beckoning         Tloc           0%         N/A       99%         2
 Confusing Touch          Hex            0%         N/A       100%        3
 Gell's Gravitas          Tloc           0%         N/A       100%        3
 Mephitic Cloud           Conj/Pois/Air  0%         N/A       100%        3
 Teleport Other           Tloc           0%         N/A       100%        3
 Dispel Undead            Necr           0%         3d6       100%        4
 Call Imp                 Summ           Unusable   N/A       N/A         2

Dungeon Overview and Level Annotations

Branches:
Dungeon (7/15)             Temple (1/1) D:6          Bailey (1/1)

Altars:
Cheibriados
Gozag
Kikubaaqudgha
Okawaru
Qazlal
Ru
Trog
Vehumet
Wu Jian
Yredelemnul
Zin
The Shining One

Shops:
D:1 ((*[*   D:2 *   D:6 *

Annotations:
Temple 2 transporters


Innate Abilities, Weirdness & Mutations

You have a pair of horns on your head.
You reflexively headbutt those who attack you in melee.


Message History

B - 2 potions of lignification
As you read the scroll of identify, it crumbles to dust.
z - 3 potions of curing The orc warlord shouts!
You feel yourself speed up.
You gain the combat prowess of a mighty hero.
Okay, then.
You feel very mighty all of a sudden.
You reach down and open the gate.
You slash the orc warlord! You headbutt the orc warlord!
The orc warlord is lightly wounded.
You hit the orc warlord.
The orc warlord is moderately wounded.
The orc warlord hits you with a +7 battleaxe!
You hit the orc warlord.
The orc warlord is moderately wounded.
The orc warlord hits you with a +7 battleaxe!!
You closely miss the orc warlord.
You headbutt the orc warlord, but do no damage.
The orc warlord is moderately wounded.
You slice the orc warlord!! Your headbutt misses the orc warlord.
The orc warlord is moderately wounded.
The orc warlord hits you with a +7 battleaxe!
* * * LOW HITPOINT WARNING * * *
You slash the orc warlord! Your headbutt misses the orc warlord.
The orc warlord is heavily wounded.
You barely miss the orc warlord.
The orc warlord is heavily wounded.
The orc warlord barely misses you.
You slash the orc warlord!
The orc warlord is heavily wounded.
You slash the orc warlord! Your headbutt misses the orc warlord.
The orc warlord is severely wounded.
You block the orc warlord's attack.
You hit the orc warlord.
The orc warlord is severely wounded.
You slash the orc warlord!
The orc warlord is almost dead.
The orc warlord hits you with a +7 battleaxe!!
You die...

##..8..8...#~~÷~~#.....
#..........#~)~)~#.....
#..........'.)÷..'....8
#...8......#########...
##......#### ~#~~~##÷.
##.....#~~#~.....[~#..
##....#~........?~#..
#...##~8.8...8.8##..
#..@o~~.........#...
#...'~~....∩....#...
#...'~~.........#...
#...##~8.8...8.8##..
#.... ~........?~#.†
..... ~#~.....[~#..
......####~~~#~~~##..
...8......#########...
......'.....'....8


You could see an orc warlord.

Vanquished Creatures
  2 orc knights (Bailey)
  Sigmund (D:2)
  A steam dragon (D:7)
  A water moccasin (D:5)
  3 orc warriors (Bailey)
  4 black bears
  An ogre (D:4)
  A centaur (D:6)
  3 phantoms
  A bullfrog (D:7)
  A scorpion (D:4)
  3 hounds
  A jelly (D:7)
  An orc priest (D:7)
  4 iguanas
  A sleepcap (D:5)
  5 orc wizards
  11 gnolls
  8 adders
  A shadow imp (D:6)
  A white imp (D:6)
  An ufetubus (D:6)
  A worm (D:2)
  2 dart slugs
  16 orcs
  7 ball pythons
  6 endoplasms
  7 giant cockroaches
  19 goblins
  6 hobgoblins
  3 quokkas
  9 bats
  15 frilled lizards
  20 kobolds
  6 rats
173 creatures vanquished.

Vanquished Creatures (others)
  7 plants (D:1)
7 creatures vanquished.

Grand Total: 180 creatures vanquished

Notes
Turn   | Place    | Note
-------+----------+-------------------------------------------
     0 | D:1      | bmack86 the Minotaur Fighter began the quest for the Orb.
     0 | D:1      | Reached XP level 1. HP: 19/19 MP: 0/0
   260 | D:1      | Reached XP level 2. HP: 27/27 MP: 1/1
   264 | D:1      | Found Iczoal's Antique Armour Shop.
   379 | D:1      | Found Mapt's Weapon Shop.
   387 | D:1      | Reached skill level 3 in Axes
   431 | D:1      | Found Ridunu's General Store.
   459 | D:1      | Bought a scroll of identify for 20 gold pieces
   560 | D:1      | Found Gaux's General Store.
   819 | D:1      | Found Mazynewu's Weapon Shoppe.
  1070 | D:2      | Noticed Sigmund
  1201 | D:2      | Reached XP level 3. HP: 33/33 MP: 2/2
  1219 | D:2      | Killed Sigmund
  1220 | D:2      | Reached skill level 4 in Axes
  1220 | D:2      | Reached XP level 4. HP: 21/41 MP: 3/3
  1220 | D:2      | Reached XP level 5. HP: 24/47 MP: 4/4
  1431 | D:2      | Identified the +0 leather armour of Xuytoo {rF++ rN+}
  1534 | D:2      | Reached skill level 5 in Axes
  1668 | D:2      | Found Qerurash's Assorted Antiques.
  1685 | D:2      | Bought a thin malachite amulet for 125 gold pieces
  2046 | D:2      | Reached XP level 6. HP: 52/55 MP: 5/5
  2128 | D:3      | Reached skill level 5 in Fighting
  2128 | D:3      | Reached skill level 5 in Armour
  2130 | D:3      | Reached skill level 5 in Shields
  2972 | D:4      | Found an opulent altar of Gozag.
  3049 | D:4      | Reached skill level 6 in Axes
  3049 | D:4      | Reached XP level 7. HP: 11/61 MP: 6/6
  3172 | D:4      | Found an iron altar of Okawaru.
  3172 | D:4      | Found a sacrificial altar of Ru.
  3177 | D:4      | Became a worshipper of Warmaster Okawaru
  3570 | D:4      | Reached skill level 1 in Throwing
  3673 | D:5      | Entered Level 5 of the Dungeon
  3777 | D:5      | Reached skill level 1 in Invocations
  3780 | D:5      | Reached * piety under Okawaru
  3913 | D:5      | Identified the +0 quarterstaff "Mujap" {heavy, Will+}
  3976 | D:5      | Reached skill level 7 in Axes
  3976 | D:5      | Reached XP level 8. HP: 70/70 MP: 8/8
  3998 | D:5      | Reached ** piety under Okawaru
  4387 | D:5      | Identified a scroll of acquirement
  4387 | D:5      | Acquired a manual of Fighting
  4593 | D:6      | Found Yffurim's Assorted Antiques.
  4596 | D:6      | Bought a scroll labelled ZUSI RYIMEBAANG for 29 gold pieces
  4743 | D:6      | Found a staircase to the Ecumenical Temple.
  4767 | Temple   | Entered the Ecumenical Temple
  4767 | Temple   | Found a transporter.
  4767 | Temple   | Found a transporter.
  4922 | D:6      | Found a snail-covered altar of Cheibriados.
  4950 | D:6      | Found an ornate altar of the Wu Jian Council.
  5180 | D:6      | Reached skill level 8 in Axes
  5574 | D:7      | Acquired the ring "Joudihad" {rF+ rC- rN++ Will+ MP+9}
  5652 | D:7      | Found a flagged portal.
  5670 | Bailey   | Entered a bailey
  5675 | Bailey   | Noticed an orc warlord
  5682 | Bailey   | Reached XP level 9. HP: 79/79 MP: 10/10
  5723 | Bailey   | Noticed an orc knight
  5780 | Bailey   | Killed an orc knight
  5780 | Bailey   | Reached *** piety under Okawaru
  5781 | Bailey   | Reached skill level 9 in Axes
  5907 | Bailey   | Noticed an orc knight
  5979 | Bailey   | Killed an orc knight
  6068 | Bailey   | Found a runed translucent gate.
  6072 | Bailey   | Found a runed translucent gate.
  6073 | Bailey   | Found a runed translucent gate.
  6097 | Bailey   | Slain by an orc warlord

Illustrated notes

Levels and vault maps discovered:
D:1:      dpeg_arrival_stone_temple_mockup, layout_basic, serial_shops, shop,
          shop_statue, shop_statue, nicolae_shop_advertising_works
          [nicolae_subvault_shop_adworks], nicolae_shop_bloodbath_and_beyond,
          minmay_lizard_king
D:2:      layout_loops_ring, serial_shops, nicolae_lakefront_shop,
          minmay_pentomino_pile, uniq_sigmund
D:3:      layout_loops_ring
D:4:      layout_cave_pods, grunt_gozag_statues,
          mainiacjoe_overflow_divided_tiny
D:5:      minmay_angry_zag, layout_gridville
D:6:      layout_basic, mainiacjoe_overflow_two_lobes,
          minmay_temple_entry_slanted, serial_shops, nicolae_stop_n_shop_2,
          hangedman_decor_growths
D:7:      layout_layer_cave, enter_bailey_3, ebering_ghost_reflecting_pool
Temple:   hellmonk_temple_divided_pantheon
Bailey:   bailey_axe_bossmonster_kennysheep, bailey

Skill      XL: |  1  2  3  4  5  6  7  8  9 |
---------------+----------------------------+-----
Axes           | 3 4 5 6 7 8 9 |  9.5
Fighting       | 4 5 7 8 |  8.4
Armour         | 4 5 6 7 |  7.3
Shields        | 4 5 6 7 |  7.4
Throwing       | 2 3 4 |  4.2
Invocations    | 1 3 4 |  4.0

Action                     |  1- 3 |  4- 6 |  7- 9 || total
---------------------------+-------+-------+-------++-------
  Melee: War axe           |    65 |   122 |   227 ||   414
         Headbutt          |     6 |    17 |    48 ||    71
  Throw: Boomerang         |       |     3 |    19 ||    22
 Invoke: Heroism           |       |       |     2 ||     2
    Use: Scroll            |       |     5 |     7 ||    12
         Potion            |       |       |     2 ||     2
 Armour: Scale mail        |    47 |    28 |       ||    75
         Plate armour      |       |    47 |    64 ||   111
         Chain mail        |       |       |    98 ||    98
  Dodge: Dodged            |    42 |    47 |    78 ||   167
  Block: Buckler           |    22 |    38 |    65 ||   125

Table legend: (Time is in decaauts)
 A = Elapsed time spent in this place.
 B = Non-inter-level travel time spent in this place.
 C = Inter-level travel time spent in this place.
 D = Time resting spent in this place.
 E = Time spent auto-exploring this place.
 F = Levels seen in this place.
 G = Mean time per level.
                   A        B        C        D        E       F      G
               +--------+--------+--------+--------+--------+-----+--------+
         Total |   6181 |   5955 |    226 |    193 |   3650 |   9 |  686.8 |
       Dungeon |   5751 |   5525 |    226 |    143 |   3592 |   7 |  821.6 |
        Temple |      1 |      1 |      0 |      0 |      0 |   1 |    1.0 |
        Bailey |    428 |    428 |      0 |     50 |     58 |   1 |  428.0 |
               +--------+--------+--------+--------+--------+-----+--------+

Top non-repeatable levels by time:
     D:1: 1191 daAuts
     D:4: 955 daAuts
     D:2: 937 daAuts
     D:5: 931 daAuts
     D:6: 732 daAuts
     D:3: 653 daAuts
  Bailey: 428 daAuts
     D:7: 349 daAuts
  Temple: 1 daAuts
